 Dungeon Crawl Stone Soup version 0.29-a0-870-g2c972031a6 (webtiles) character file.

Game seed: 18041999542081041394

2141 Demosthentine the Spear-Bearer (level 9, -1/71 HPs)
             Began as a Merfolk Gladiator on July 17, 2022.
             Was an Initiate of the Shining One.
             Killed by divine providence
             ... invoked by an orc priest
              (12 damage)
             ... on level 7 of the Dungeon.
             The game lasted 00:05:45 (6356 turns).

Demosthentine the Spear-Bearer (Merfolk Gladiator)  Turns: 6356, Time: 00:05:45

Health: -1/71      AC: 10    Str: 13    XL:     9   Next: 30%
Magic:  18/18      EV: 18    Int:  7    God:    the Shining One [......]
Gold:   299        SH:  5    Dex: 21    Spells: 8/8 levels left

rFire   . . .      SeeInvis .   n - +1 trident (flame)
rCold   . . .      Faith    .   (no shield)
rNeg    . . .      Spirit   .   v - +0 steam dragon scales
rPois   .          Reflect  +   c - +1 helmet
rElec   +          Harm     .   h - +0 cloak
rCorr   .          Rampage  .   (no gloves)
Will    .....                   j - +0 pair of boots
Stlth   +.........              i - amulet of reflection
HPRegen 0.21/turn               t - ring of Laumm {Wiz Drain rElec MP+9}
MPRegen 0.16/turn               (no ring)

@: glowing
A: (nimble swimmer 2), mertail, agile 1, weak 1, MP-powered wands
a: Renounce Religion


You were on level 7 of the Dungeon.
You worshipped the Shining One.
The Shining One was noncommittal.
You visited 1 branch of the dungeon, and saw 7 of its levels.

You collected 299 gold pieces.

Inventory:

Hand Weapons
 m - the +2 hammer of a bazaar {drain, rF+++ Will- Str+5 Stlth+}
   (You found it on level 2 of the Dungeon)

   A truly terrible weapon, it drains the life of any living foe it strikes.
   Str:       It affects your strength (+5).
   rF:        It renders you almost immune to fire.
   Will:      It decreases your willpower.
   Stlth:     It makes you more stealthy.
   The Shining One disapproves of the use of such an item.
 n - a +1 trident of flaming (weapon)
Missiles
 d - 4 throwing nets (quivered)
 e - a javelin
Armour
 c - a +1 helmet (worn)
 h - a +0 cloak (worn)
 j - a +0 pair of boots (worn)
 v - +0 steam dragon scales (worn)
Jewellery
 i - an amulet of reflection (around neck)
 t - the ring of Laumm (left hand) {Wiz Drain rElec MP+9}
   (You found it on level 4 of the Dungeon)

   [ring of wizardry]

   It improves your spell success rate.
   rElec:     It insulates you from electricity.
   MP:        It affects your magic capacity (+9).
   Drain:     It drains your maximum health when unequipped.
Wands
 b - a wand of light (17)
 y - a wand of paralysis (5)
 C - a wand of roots (6)
Scrolls
 p - 2 scrolls of teleportation
 q - 2 scrolls of blinking
Potions
 f - 2 potions of magic
 k - 6 potions of curing
 l - 3 potions of flight
 o - a potion of berserk rage
 r - a potion of brilliance
 s - 3 potions of lignification
 u - a potion of haste {unknown}
 w - a potion of heal wounds
 x - a potion of ambrosia
 B - a potion of might {unknown}


   Skills:
 + Level 6.9 Fighting
 + Level 8.9 Polearms
 - Level 2.0 Throwing
 + Level 4.4 Armour
 + Level 8.8 Dodging


You had 8 spell levels left.
You didn't know any spells.
Your spell library contained the following spells:

 Spells                   Type           Power      Damage    Failure   Level
 Scorch                   Fire           0%         2d5       26%         2
 Sublimation of Blood     Necr           0%         N/A       26%         2
 Wereblood                Tmut           0%         N/A       26%         2
 Flame Wave               Conj/Fire      0%         2d4       86%         4
 Summon Cactus Giant      Summ           0%         N/A       100%        6
 Summon Hydra             Summ           0%         N/A       100%        7


Dungeon Overview and Level Annotations

Branches:
Dungeon (7/15)
 Temple: D:4-7

Altars:
Xom
The Shining One


Innate Abilities, Weirdness & Mutations

((You are very nimble when in or above water. (Stealth+, EV+, Speed+++)))
Your lower body shifts to a powerful aquatic tail in water.
You are agile. (Dex +4, Str/Int -1)
You are weak. (Str -2)
You expend magic power (3 MP) to strengthen your wands.


Message History

Reach: n) +1 trident (flame)
Press: ? - help, Dir - move target, f/p - orc priest
Aim: an orc priest, wielding a +0 trident and wearing a +0 ring mail (almost dead, about 28% to evade your +1 trident of flaming)
The orc priest is in the way.
You hit the orc priest. You burn the orc priest.
The orc priest is heavily wounded.
The orc priest calls upon Beogh to heal the orc priest.
The orc priest is healed somewhat.
You hit the orc priest but do no damage.
The orc priest is lightly wounded.
The orc priest barely misses you. You block the orc priest's attack.
The orc wizard casts a spell at you.
You easily resist.
You barely miss the orc priest.
The orc priest is lightly wounded.
The orc priest closely misses you.
The orc priest calls down the wrath of Beogh upon you.
You struggle to resist.
The orc closely misses you.
You closely miss the orc priest.
The orc priest is lightly wounded.
The orc priest misses you. The orc hits you with a +0 club.
The orc priest calls upon Beogh to heal the orc priest.
The orc priest's wounds heal themselves!
The orc wizard hits you but does no damage.
You barely miss the orc priest. You barely miss the orc priest.
The orc priest hits you but does no damage.
The orc priest hits you from afar with a +0 trident.
The orc misses you.
The orc wizard hits you but does no damage.
Reach: n) +1 trident (flame)
Press: ? - help, Dir - move target, f/p - orc priest
Aim: an orc priest, wielding a +0 trident and wearing a +0 ring mail (almost dead, about 28% to evade your +1 trident of flaming)
The orc wizard is in the way.
You hit the orc wizard. You burn the orc wizard.
The orc wizard is moderately wounded.
The orc priest calls down the wrath of Beogh upon you.
Pain shoots through your body!
* * * LOW HITPOINT WARNING * * *
The orc priest calls down the wrath of Beogh upon you.
Beogh smites you!
You die...

#........# #$.......#
#........# #........#
#........##
#########..........
#.......+..o)......
######.#######..@oo.....
......>.........o)o.....
######.#############....
#.#.....# ... #.#.###.#
. ####'#.# #.######
#....))# #......#
#......# ######.#
#......# #.#


You could see 2 orc priests, an orc wizard and 2 orcs.

Vanquished Creatures
  A wyvern (D:7)
  Eustachio (D:6)
  A steam dragon (D:6)
  2 black bears (D:5)
  An ice beast (D:6)
  An orc warrior (D:6)
  A centaur (D:5)
  An ogre (D:6)
  A phantom (D:6)
  A bullfrog (D:6)
  3 necrophages
  5 scorpions
  3 orc priests
  A hound (D:5)
  Crazy Yiuf (D:2)
  An iguana (D:5)
  An orc wizard (D:5)
  13 gnolls
  9 adders
  A shadow imp (D:5)
  An ufetubus (D:7)
  6 worms
  4 dart slugs
  26 orcs
  6 ball pythons
  5 bats
  3 endoplasms
  A giant cockroach (D:2)
  11 goblins
  9 hobgoblins
  A jackal (D:4)
  5 quokkas
  4 frilled lizards
  7 kobolds
  6 rats
144 creatures vanquished.

Notes
Turn   | Place    | Note
-------+----------+-------------------------------------------
     0 | D:1      | Demosthentine the Merfolk Gladiator began the quest for the
                  | Orb.
     0 | D:1      | Reached XP level 1. HP: 16/16 MP: 1/1
   230 | D:1      | Reached XP level 2. HP: 23/23 MP: 2/2
   406 | D:1      | Reached XP level 3. HP: 28/28 MP: 3/3
  1253 | D:2      | Reached skill level 1 in Armour
  1541 | D:2      | Found a runed translucent door.
  1542 | D:2      | Noticed Crazy Yiuf
  1652 | D:2      | Reached XP level 4. HP: 24/35 MP: 4/4
  2112 | D:2      | Killed Crazy Yiuf
  2123 | D:2      | Identified the +2 hammer of a bazaar {drain, rF+++ Will-
                  | Str+5 Stlth+}
  2198 | D:3      | Reached skill level 5 in Polearms
  2228 | D:3      | Reached skill level 5 in Dodging
  2327 | D:3      | Reached XP level 5. HP: 37/41 MP: 5/5
  2517 | D:3      | Found a shimmering altar of Xom.
  2713 | D:4      | Identified the ring of Laumm {Wiz Drain rElec MP+9}
  3221 | D:4      | Reached XP level 6. HP: 47/48 MP: 6/6
  3518 | D:5      | Entered Level 5 of the Dungeon
  3520 | D:5      | Noticed a black bear
  3529 | D:5      | Killed a black bear
  3691 | D:5      | Reached XP level 7. HP: 55/55 MP: 7/7
  4241 | D:5      | Reached skill level 5 in Fighting
  4410 | D:5      | Reached XP level 8. HP: 59/62 MP: 8/8
  5281 | D:6      | Noticed Eustachio
  5326 | D:6      | Killed Eustachio
  5724 | D:6      | Found a glowing golden altar of the Shining One.
  5730 | D:6      | Reached XP level 9. HP: 71/71 MP: 9/9
  5736 | D:6      | Became a worshipper of the Shining One
  6176 | D:6      | Gained mutation: Your magical capacity is low. (-10% MP)
                  | [potion of mutation]
  6176 | D:6      | Gained mutation: You are weak. (Str -2) [potion of
                  | mutation]
  6176 | D:6      | Gained mutation: You are agile. (Dex +4, Str/Int -1)
                  | [potion of mutation]
  6177 | D:6      | Lost mutation: Your magical capacity is low. (-10% MP)
                  | [potion of mutation]
  6177 | D:6      | Lost mutation: You are agile. (Dex +4, Str/Int -1) [potion
                  | of mutation]
  6177 | D:6      | Gained mutation: You expend magic power (3 MP) to
                  | strengthen your wands. [potion of mutation]
  6177 | D:6      | Gained mutation: You are agile. (Dex +4, Str/Int -1)
                  | [potion of mutation]
  6356 | D:7      | Killed from afar by an orc priest

Illustrated notes

Levels and vault maps discovered:
D:1:      minmay_arrival_up_and_down, layout_basic
D:2:      layout_basic, uniq_crazy_yiuf_cottage
D:3:      layout_basic, xom_butterflies
D:4:      minmay_chambers_of_twos, layout_basic
D:5:      layout_basic
D:6:      layout_basic, mainiacjoe_overflow_tiny_flanked, uniq_eustachio
D:7:      layout_basic, mainiacjoe_overflow_small_starburst,
          mainiacjoe_overflow_alcove_2, temple_pool_b, lemuel_another_geyser,
          uniq_maggie

Skill      XL: |  1  2  3  4  5  6  7  8 |
---------------+-------------------------+-----
Armour         | 1 2 3 4 |  4.4
Fighting       | 3 4 5 6 |  6.9
Polearms       | 5 6 7 8 |  8.9
Dodging        | 5 6 7 8 |  8.8
Throwing       | |  2.0

Action                   |  1- 3 |  4- 6 |  7- 9 || total
-------------------------+-------+-------+-------++-------
Melee: Trident           |   114 |   132 |   257 ||   503
       Punch             |       |       |     3 ||     3
Throw: Throwing net      |       |     1 |     1 ||     2
  Use: Scroll            |     3 |    12 |     3 ||    18
       Potion            |       |       |     6 ||     6
 Stab: Held in net/web   |       |     2 |     2 ||     4
       Sleeping          |       |     2 |     2 ||     4
       Distracted        |       |     1 |       ||     1
Armor: Leather armour    |    40 |    13 |    29 ||    82
       Steam dragon scal |       |       |    30 ||    30
Dodge: Dodged            |    55 |    44 |   149 ||   248
Block: Other             |       |    14 |    42 ||    56
       Reflection        |       |       |     1 ||     1

Table legend: (Time is in decaauts)
 A = Elapsed time spent in this place.
 B = Non-inter-level travel time spent in this place.
 C = Inter-level travel time spent in this place.
 D = Time resting spent in this place.
 E = Time spent auto-exploring this place.
 F = Levels seen in this place.
 G = Mean time per level.
                   A        B        C        D        E       F      G
               +--------+--------+--------+--------+--------+-----+--------+
         Total |   6348 |   6190 |    158 |    304 |   4836 |   7 |  906.9 |
       Dungeon |   6348 |   6190 |    158 |    304 |   4836 |   7 |  906.9 |
               +--------+--------+--------+--------+--------+-----+--------+

Top non-repeatable levels by time:
     D:5: 1567 daAuts
     D:2: 1214 daAuts
     D:6: 1125 daAuts
     D:1: 979 daAuts
     D:4: 855 daAuts
     D:3: 480 daAuts
     D:7: 124 daAuts
